 Dungeon Crawl Stone Soup version 0.29.1-13-g9f3cf754e1 (webtiles) character file.

Game seed: 2164325192577989854

24 Ayven the Ruffian (level 2, -1/34 HPs)
             Began as a Draconian Transmuter on Feb 10, 2023.
             Slain by a gnoll
             ... wielding a +0 halberd
              (6 damage)
             ... on level 2 of the Dungeon.
             The game lasted 00:02:58 (1248 turns).

Ayven the Ruffian (Draconian Transmuter)            Turns: 1248, Time: 00:02:58

Health: -1/34      AC: 21    Str: 12    XL:     2   Next: 79%
Magic:  5/5        EV:  2    Int: 13    God:
Gold:   42         SH:  0    Dex: 11    Spells: 4/5 levels left

rFire   . . .      SeeInvis .   g - +2 short sword (freeze)
rCold   . . .      Faith    .   (no shield)
rNeg    . . .      Spirit   .   (body armour unavailable)
rPois   +          Reflect  .   (helmet currently unavailable)
rElec   .          Harm     .   (cloak currently unavailable)
rCorr   .          Rampage  .   (gloves currently unavailable)
Will    .....      NoTele   +   (boots currently unavailable)
Stlth   +.........              (no amulet)
HPRegen 0.11/turn               (no ring)
MPRegen 0.09/turn               (no ring)

@: tree-form
A: stationary, stasis, torment immunity, boosted hp, AC +4, unfitting armour,
(cold-blooded)
a: no special abilities


You were on level 2 of the Dungeon.
You were a tree.
You visited 1 branch of the dungeon, and saw 2 of its levels.

You collected 42 gold pieces.

Inventory:

Hand Weapons
 g - a +2 short sword of freezing (weapon)
Scrolls
 b - a scroll of immolation
 c - a scroll of teleportation {unknown}
 f - 2 scrolls of magic mapping
Potions
 a - a potion of lignification
 e - a potion of curing
 h - a potion of attraction {unknown}


   Skills:
 + Level 1.2 Fighting
 + Level 0.2 Short Blades
 + Level 2.1 Dodging
 + Level 0.1 Stealth
 + Level 3.5 Unarmed Combat
 * Level 2.2 Spellcasting
 + Level 2.0 Transmutations


You had 4 spell levels left.
You knew the following spells:

 Your Spells              Type           Power      Damage    Failure   Level
a - Beastly Appendage     Tmut           12%        N/A       11%         1

Your spell library contained the following spells:

 Spells                   Type           Power      Damage    Failure   Level
 Wereblood                Tmut           6%         N/A       16%         2
 Spider Form              Tmut/Pois      4%         N/A       43%         3
 Ice Form                 Ice/Tmut       4%         N/A       85%         4


Dungeon Overview and Level Annotations

Branches:
Dungeon (2/15)

Altars:


Innate Abilities, Weirdness & Mutations

You are a tree.
Your roots penetrate the ground, keeping you stationary.
You cannot be teleported.
You are immune to unholy pain and torment.
Your maximum health is greatly increased.
Your equipment is partially melded.
((Your plain brown scales are hard. (AC +4)))
You cannot fit into any form of body armour.
((You are cold-blooded and may be slowed by cold attacks.))


Message History

The quokka barely misses you.
You hit the quokka. You freeze the quokka.
You kill the quokka!
Your transformation is almost over.
You see here a quokka corpse.
A frilled lizard comes into view.
A frilled lizard is nearby!
A frilled lizard is nearby!
A gnoll comes into view. It is wielding a +0 halberd.
The gnoll shouts!
A gnoll comes into view. It is wielding a +0 halberd.
Really quaff the potion of lignification?
Your horns disappear.
Your talons disappear.
You turn into a tree.
Your roots penetrate the ground.
A gnoll comes into view. It is wielding a +0 halberd.
The gnoll shouts!
A gnoll comes into view. It is wielding a +0 club.
The gnoll shouts!
The gnoll hits you but does no damage.
The gnoll hits you but does no damage. x2
A frilled lizard comes into view.
The gnoll barely misses you.
The gnoll hits you from afar with a +0 halberd.
You cannot move.
The frilled lizard hisses angrily.
The gnoll hits you from afar with a +0 halberd!
The gnoll hits you but does no damage.
The gnoll hits you from afar with a +0 halberd.
You cannot move.
The gnoll hits you but does no damage. x2
The gnoll hits you from afar with a +0 halberd!
* * * LOW HITPOINT WARNING * * *
The frilled lizard bites you but does no damage.
The gnoll hits you from afar with a +0 halberd.
* * * LOW HITPOINT WARNING * * *
The gnoll hits you but does no damage. x2
The frilled lizard bites you but does no damage.
The gnoll hits you but does no damage.
The gnoll hits you from afar with a +0 halberd.
You die...

#..............#
#..............##
#........<......#
#..........####..
#..?.......#
##<.......####
#...†.........
#..........#...
#..l♣......# .#
#............##
......ggg....!..#
..#....g.........
. ###..l........#
###..........
..####..# .## .##


You could see 4 gnolls and 2 frilled lizards.

Vanquished Creatures
  2 ball pythons (D:1)
  2 endoplasms
  A giant cockroach (D:1)
  4 hobgoblins (D:1)
  A quokka (D:2)
  4 bats (D:1)
  A frilled lizard (D:1)
  A goblin (D:1)
  4 kobolds (D:1)
  2 rats (D:1)
22 creatures vanquished.

Notes
Turn   | Place    | Note
-------+----------+-------------------------------------------
     0 | D:1      | Ayven the Draconian Transmuter began the quest for the Orb.
     0 | D:1      | Reached XP level 1. HP: 16/16 MP: 3/3
   401 | D:1      | Reached XP level 2. HP: 23/23 MP: 3/5
  1248 | D:2      | Slain by a gnoll

Illustrated notes

Levels and vault maps discovered:
D:1:      psy_arrival_whirlpool, layout_loops_corners
D:2:      layout_rooms, shapermc_ecumenical_altar_flowoftime, serial_shops,
          nicolae_shop_crystal

Skill      XL: |  1 |
---------------+----+-----
Dodging        | 2 |  2.1
Fighting       | |  1.2
Short Blades   | |  0.2
Stealth        | |  0.1
Unarmed Combat | |  3.5
Spellcasting   | |  2.2
Transmutations | |  2.0

Action                   || total
-------------------------++-------
Melee: Unarmed           ||    31
       Kick              ||     5
       Punch             ||     3
       Headbutt          ||     4
       Short sword       ||    23
       Tailslap          ||     1
 Cast: Beastly Appendage ||    12
  Use: Scroll            ||     3
       Potion            ||     1
Armor: Skin              ||    37
Dodge: Dodged            ||    37
